 Dungeon Crawl Stone Soup version 0.24.0-13-gcf9b3192b9 (webtiles) character file.

Game seed: 17639137829544070089, levelgen mode: deterministic

25 Katsumi the Scratcher (level 2, -3/13 HPs)
             Began as a Felid Transmuter on Nov 9, 2019.
             Killed from afar by a dart slug (6 damage)
             ... with a slug dart
             ... on level 2 of the Dungeon.
             The game lasted 00:01:08 (1903 turns).

Katsumi the Scratcher (Felid Transmuter)            Turns: 1903, Time: 00:01:09

Health: -3/13      AC:  1    Str:  6    XL:     2   Next: 82%
Magic:  6/6        EV: 18    Int: 14    God:
Gold:   54         SH:  0    Dex: 16    Spells: 2/5 levels left
                                        Lives:  0   Deaths: 0

rFire    . . .     SeeInvis +     - Unarmed
rCold    . . .     Gourm    .   (shield unavailable)
rNeg     . . .     Faith    .   (armour unavailable)
rPois    .         Spirit   .   (helmet unavailable)
rElec    .         Reflect  .   (cloak unavailable)
rCorr    .         Harm     .   (gloves unavailable)
MR       .....                  (boots unavailable)
Stlth    ++........             (no amulet)
HPRegen  0.04/turn              (no ring)
MPRegen  0.10/turn              (no ring)

@: appendage (expiring), quick
A: very small, no armour, no weapons or thrown items, stealth, claws 1, fangs 3,
horns 2, see invisible, carnivore, speed 1, shaggy fur 1, slow metabolism 1,
sharp paws
a: End Transformation


You were on level 2 of the Dungeon.
You were not hungry.
You had grown temporary horns.
You visited 1 branch of the dungeon, and saw 2 of its levels.

You collected 54 gold pieces.

Inventory:

Missiles
 a - 35 arrows
Jewellery
 e - an uncursed ring of wizardry {unknown}
Scrolls
 d - 2 scrolls of blinking {unknown}
 f - a scroll of immolation {unknown}
 h - 2 scrolls of teleportation {unknown}
Potions
 b - a potion of might {unknown}
 g - a potion of agility {unknown}
Comestibles
 c - a ration


   Skills:
 + Level 2.9 Fighting
 - Level 2.6 Dodging
 - Level 3.0 Unarmed Combat
 - Level 2.0 Spellcasting
 - Level 2.1 Transmutations


You had 2 spell levels left.
You knew the following spells:

 Your Spells              Type           Power        Failure   Level  Hunger
a - Beastly Appendage     Tmut           #.....       10%         1    ##.....
b - Sticks to Snakes      Tmut           #.......     14%         2    ###....

Your spell library contained the following spells:

 Spells                   Type           Power        Failure   Level  Hunger
 Spider Form              Tmut/Pois      #.........   41%         3    ####...
 Ice Form                 Ice/Tmut       #.......     83%         4    #####..
 Blade Hands              Tmut           #.........   95%         5    ######.


Dungeon Overview and Level Annotations

Branches:
Dungeon (2/15)

Altars:


Innate Abilities, Weirdness & Mutations

You cannot wear armour.
You are incapable of wielding weapons or throwing items.
Your paws allow you to move quietly. (Stealth)
You have sharp claws.
You have razor-sharp teeth.
You have supernaturally acute eyesight. (SInv)
You are carnivorous and can eat meat at any time.
You cover ground quickly.
You are covered in fur. (AC +1)
You have a slow metabolism.
Your sharp claws are effective at attacking unaware monsters.
You have a pair of horns on your head.


Message History

You are too injured to fight recklessly!
You are too injured to fight recklessly!
You are too injured to fight recklessly!
You are too injured to fight recklessly!
You are too injured to fight recklessly!
You are too injured to fight recklessly!
You are too injured to fight recklessly!
Unknown command.
You are too injured to fight recklessly!
You are too injured to fight recklessly!
You are too injured to fight recklessly!
Unknown command.
The rat twitches its whiskers.
Unknown command.
Unknown command.
Your transformation is almost over.
Unknown command.
The dart slug launches a dart at you. The slug dart hits you.
You die...

###............#.......
..')..(........'......>
###........###.#.......
####.##### #.#######.
...# #.## .##.# #[.# #
.........#.##
###.####.#..# # #.##@#
.# #. #.## ..##
#.##..###.....
..#........r..
#....w....# #.....(...#
###..##...# ##.# ...#
#.. ....


You could see a dart slug.

Vanquished Creatures
  A worm (D:2)
  A dart slug (D:1)
  A giant cockroach (D:1)
  4 goblins (D:1)
  3 hobgoblins
  6 kobolds
  A bat (D:2)
  A frilled lizard (D:2)
  A rat (D:2)
19 creatures vanquished.

Notes
Turn   | Place    | Note
-------+----------+-------------------------------------------
     0 | D:1      | Katsumi the Felid Transmuter began the quest for the Orb.
     0 | D:1      | Reached XP level 1. HP: 9/9 MP: 4/4
   622 | D:1      | Reached XP level 2. HP: 13/13 MP: 4/6
   634 | D:1      | Learned a level 2 spell: Sticks to Snakes
  1903 | D:2      | Killed from afar by a dart slug

Levels and vault maps discovered:
D:1:      scummos_arrival_checkerplants, layout_loops_ring
D:2:      layout_basic, old_standard_altar, minmay_misc_feat_pillars

Skill      XL: |  1 |
---------------+----+-----
Fighting       | 2 |  2.9
Dodging        | |  2.6
Unarmed Combat | |  3.0
Spellcasting   | |  2.0
Transmutations | |  2.1

Action                   || total
-------------------------++-------
Melee: Unarmed           ||    59
       Bite              ||     5
       Headbutt          ||     7
 Cast: Beastly Appendage ||    16
 Stab: Sleeping          ||     1
  Eat: Chunk             ||     5
Armor: Skin              ||     1
Dodge: Dodged            ||    44
